 Dungeon Crawl Stone Soup version 0.26-a0-154-g3d63440f56 (webtiles) character file.

Game seed: 14635470477710652061

110 Flugslaktarn the Chiller (level 4, 0/21 HPs)
             Began as a Vine Stalker Ice Elementalist on July 1, 2020.
             Slain by an orc wizard
             ... wielding a +0 dagger
              (5 damage)
             ... on level 4 of the Dungeon.
             The game lasted 00:02:31 (501 turns).

Flugslaktarn the Chiller (VSIE)                      Turns: 501, Time: 00:02:32

Health: 0/21       AC:  2    Str: 11    XL:     4   Next: 91%
Magic:  0/10       EV: 12    Int: 16    God:
Gold:   86         SH:  0    Dex: 14    Spells: 6/10 levels left

rFire    . . .     SeeInvis .   m - +0 war axe
rCold    . . .     Faith    .   (no shield)
rNeg     . . .     Spirit   +   a - +0 robe
rPois    .         Reflect  .   (no helmet)
rElec    .         Harm     .   (no cloak)
rCorr    .                      (no gloves)
MR       .....                  (no boots)
Stlth    +.........             (no amulet)
HPRegen  0.47/turn              (no ring)
MPRegen  0.12/turn              (no ring)

@: confused, hasted, very quick
A: fangs 2, regeneration 1, magic shield, antimagic bite, no potion heal 3, rot
immunity
a: no special abilities


You were on level 4 of the Dungeon.
You were not hungry.

You visited 1 branch of the dungeon, and saw 4 of its levels.

You collected 86 gold pieces.

Inventory:

Hand Weapons
 m - a +0 war axe (weapon)
   (You found it on level 3 of the Dungeon)
 o - a +0 vorpal flail
   (You took it off an orc on level 4 of the Dungeon)
Missiles
 g - 14 poisoned darts (quivered)
 k - 16 arrows
 n - 3 boomerangs
Armour
 a - a +0 robe (worn)
Scrolls
 e - a scroll of noise {unknown}
 f - a scroll of identify {unknown}
 j - a scroll of remove curse {unknown}
 l - a scroll of fear {unknown}
Potions
 d - a potion of curing {unknown}
 h - a potion of brilliance {unknown}
 i - a potion of cancellation {unknown}
Comestibles
 c - 6 rations


   Skills:
 - Level 1.5 Dodging
 - Level 2.4 Stealth
 + Level 3.8 Spellcasting
 + Level 5.1 Ice Magic


You had 6 spell levels left.
You knew the following spells:

 Your Spells              Type           Power        Failure   Level  Hunger
a - Freeze                Ice            ###.         1%          1    None
b - Frozen Ramparts       Ice            ###...       6%          3    ###....

Your spell library contained the following spells:

 Spells                   Type           Power        Failure   Level  Hunger
 Ozocubu's Armour         Chrm/Ice       ##......     19%         3    ###....
 Hailstorm                Conj/Ice       ##......     52%         4    ####...
 Summon Ice Beast         Ice/Summ       ##......     52%         4    ####...


Dungeon Overview and Level Annotations

Branches:
Dungeon (4/15)
 Temple: D:4-7

Altars:


Innate Abilities, Weirdness & Mutations

You have extremely sharp teeth.
Your natural rate of healing is unusually fast.
When hurt, damage is shared between your health and your magic reserves.
Your bite disrupts and absorbs the magic of your enemies.
Potions cannot restore your health.
You are immune to rotting.


Message History

Confirm with . or Enter, or press ? or * to list all spells.
Aiming: Freeze (safe; 1% risk of failure)
Press: ? - help, Shift-Dir - straight line, f - orc wizard
Aim: an orc wizard, wielding a +0 dagger and wearing a +0 robe You freeze the orc wizard.
The orc wizard is lightly wounded.
The orc wizard hits you but does no damage.
Casting: Freeze (safe; 1% risk of failure)
Confirm with . or Enter, or press ? or * to list all spells.
Aiming: Freeze (safe; 1% risk of failure)
Press: ? - help, Shift-Dir - straight line, f/p - orc wizard
Aim: an orc wizard, wielding a +0 dagger and wearing a +0 robe (lightly wounded)
You freeze the orc wizard!
The orc wizard is severely wounded.
The orc wizard hits you with a +0 dagger.
* * * LOW HITPOINT WARNING * * *
You miss the orc wizard.
You bite the orc wizard, but do no damage.
The orc wizard is severely wounded.
The orc wizard closely misses you. The orc wizard barely misses you.
Unknown command.
You closely miss the orc wizard.
The orc wizard is severely wounded.
The orc wizard hits you with a +0 dagger.
* * * LOW HITPOINT WARNING * * *
You barely miss the orc wizard.
The orc wizard is severely wounded.
The orc wizard hits you with a +0 dagger.
* * * LOW HITPOINT WARNING * * *
The orc wizard misses you.
You closely miss the orc wizard.
The orc wizard is severely wounded.
The orc wizard hits you with a +0 dagger.
* * * LOW HITPOINT WARNING * * *
Casting: Freeze (safe; 1% risk of failure)
Confirm with . or Enter, or press ? or * to list all spells.
Aiming: Freeze (safe; 1% risk of failure)
Press: ? - help, Shift-Dir - straight line, f/p - orc wizard
Aim: an orc wizard, wielding a +0 dagger and wearing a +0 robe (severely wounded)
You freeze the orc wizard.
The orc wizard is severely wounded.
The orc wizard completely misses you.
Unknown command.
Okay, then.
It was a potion of haste.
You feel yourself speed up.
The orc wizard points at you and mumbles some strange words.
You are confused.
You bump into the rock wall.
The orc wizard hits you with a +0 dagger.
You die...

###### ### +.....
..# #.... #.# #
#.... #.#.# #....
#.#.###
#....###.....#
#o..oo...#
#o###....# #@#
....# #)# #o###
#.# .o #.########
####### #....))).#
#.....#
########†###......
#..........#
######..#### ..
#.....#


You could see an orc wizard and an orc.

Vanquished Creatures
  An orc priest (D:4)
  An orc wizard (D:4)
  2 adders (D:2)
  A dart slug (D:1)
  9 orcs
  A giant cockroach (D:2)
  3 hobgoblins
  5 jackals
  A quokka (D:3)
  A ball python (D:2)
  2 bats
  A frilled lizard (D:2)
  A kobold (D:1)
  2 rats
31 creatures vanquished.

Notes
Turn   | Place    | Note
-------+----------+-------------------------------------------
     0 | D:1      | Flugslaktarn the Vine Stalker Ice Elementalist began the
                  | quest for the Orb.
     0 | D:1      | Reached XP level 1. HP: 9/9 MP: 4/4
    81 | D:1      | Reached XP level 2. HP: 13/13 MP: 2/6
   210 | D:2      | Reached XP level 3. HP: 14/16 MP: 3/8
   401 | D:3      | Learned a level 3 spell: Frozen Ramparts
   440 | D:4      | Gained mutation: Your natural rate of healing is unusually
                  | fast. [Vine Stalker growth]
   440 | D:4      | Reached XP level 4. HP: 4/21 MP: 0/10
   475 | D:4      | Reached skill level 5 in Ice Magic
   501 | D:4      | Slain by an orc wizard

Illustrated notes

Levels and vault maps discovered:
D:1:      doesnt_arrival_eight_statues, layout_basic
D:2:      layout_basic, hangedman_abyss_or_decor_lesser_grid,
          nicolae_tso_swordbearing_angel
D:3:      layout_basic, good_gods_mini_temple, lemuel_round_altar,
          nicolae_overflow_hidden_temple, minmay_strange_pillars,
          kennysheep_generic_room_9
D:4:      layout_basic, ashenzari_altar_1, minmay_temple_entry_ruins

Skill      XL: |  1  2  3  4 |
---------------+-------------+-----
Spellcasting   | 3 |  3.8
Ice Magic      | 5 |  5.1
Dodging        | |  1.5
Stealth        | |  2.4

Action                   |  1- 3 |  4- 6 || total
-------------------------+-------+-------++-------
Melee: War axe           |    11 |     9 ||    20
       Bite              |     2 |     3 ||     5
 Cast: Freeze            |    35 |     4 ||    39
       Frozen Ramparts   |     1 |     1 ||     2
  Use: Potion            |       |     1 ||     1
Armor: Robe              |     7 |     1 ||     8
Dodge: Dodged            |    41 |     6 ||    47

Table legend:
 A = Non-vault XP
 B = Vault XP
 C = Vault XP percentage of total XP
 D = Non-vault monster count
 E = Vault monster count
 F = Vault count percentage of total count
                 A         B        C        D         E       F
            +---------+---------+-------+---------+---------+-------
      Total |     158 |       0 |   0.0 |      31 |       0 |   0.0
            +---------+---------+-------+---------+---------+-------
        D:1 |      10 |       0 |   0.0 |       5 |       0 |   0.0
        D:2 |      36 |       0 |   0.0 |       9 |       0 |   0.0
        D:3 |      21 |       0 |   0.0 |       9 |       0 |   0.0
        D:4 |      91 |       0 |   0.0 |       8 |       0 |   0.0
            +---------+---------+-------+---------+---------+-------
